 Dungeon Crawl Stone Soup version 0.29.1-15-g9cfb28693d (webtiles) character file.

Game seed: 17792611926930354422

71 Gabide the Trooper (level 4, -3/50 HPs)
             Began as an Ogre Monk on Feb 27, 2023.
             Slain by a howler monkey (7 damage)
             ... on level 4 of the Dungeon.
             The game lasted 00:04:13 (3319 turns).

Gabide the Trooper (Ogre Monk)                      Turns: 3319, Time: 00:04:14

Health: -3/50      AC:  3    Str: 23    XL:     4   Next: 24%
Magic:  4/4        EV: 10    Int: 11    God:
Gold:   165        SH:  0    Dex: 11    Spells: 3/3 levels left

rFire   . . .      SeeInvis .   p - +0 halberd
rCold   . . .      Faith    .   (shield currently unavailable)
rNeg    . . .      Spirit   .   b - +0 robe
rPois   .          Reflect  .   (helmet restricted)
rElec   .          Harm     .   l - scarf {shadows}
rCorr   .          Rampage  .   (gloves unavailable)
Will    +....                   (boots unavailable)
Stlth   ++........              (no amulet)
HPRegen 0.16/turn               u - ring of willpower
MPRegen 0.09/turn               k - +6 ring of strength

@: lethally poisoned (-3 -> -15)
A: large, unfitting armour, tough skin 1
a: no special abilities


You were on level 4 of the Dungeon.
You visited 1 branch of the dungeon, and saw 4 of its levels.

You collected 165 gold pieces.

Inventory:

Hand Weapons
 a - a +0 spear
 p - a +0 halberd (weapon)
Missiles
 n - 2 javelins (quivered)
Armour
 b - a +0 robe (worn)
 l - a scarf of shadows (worn)
 m - an orb of wrath
Jewellery
 d - a ring of resist corrosion
 i - a ring of see invisible
 k - a +6 ring of strength (right hand)
 s - the ring of Licoisud {Fire Contam rN+ Int+4}
   (You found it on level 2 of the Dungeon)

   [ring of fire]

   It enhances your fire magic.
   Int:       It affects your intelligence (+4).
   rF:        It protects you from fire.
   rC:        It makes you vulnerable to cold.
   rN:        It protects you from negative energy.
   Contam:    It causes magical contamination when unequipped.
 u - a ring of willpower (left hand)
 v - the ring "Bugh" {rElec rCorr Str+4 Dex+6 SInv}
   (You found it on level 3 of the Dungeon)

   [ring of dexterity]

   Str:       It affects your strength (+4).
   Dex:       It affects your dexterity (+6).
   rElec:     It insulates you from electricity.
   SInv:      It lets you see invisible.
   rCorr:     It protects you from acid and corrosion.
 y - a ring of flight
Scrolls
 e - a scroll of blinking
 f - 2 scrolls of amnesia
 q - 2 scrolls of teleportation
 t - a scroll of magic mapping
Potions
 c - a potion of ambrosia
 g - a potion of curing
 h - 2 potions of mutation
 j - 2 potions of heal wounds
 o - a potion of attraction {unknown}
 r - 2 potions of flight
 w - a potion of berserk rage {unknown}
 x - a potion of magic {unknown}
 z - a potion of brilliance {unknown}
 A - 2 potions of invisibility {unknown}


   Skills:
 * Level 5.4 Fighting
 + Level 3.5 Polearms
 + Level 3.2 Dodging
 - Level 1.4 Stealth


You had 3 spell levels left.
You didn't know any spells.
Your spell library contained the following spells:

 Spells                   Type           Power      Damage    Failure   Level
 Poisonous Vapours        Pois/Air       0%         N/A       47%         2
 Conjure Flame            Conj/Fire      0%         6-21      71%         3
 Ignite Poison            Fire/Tmut/Pois 0%         N/A       71%         3
 Tukima's Dance           Hex            0%         N/A       71%         3
 Corpse Rot               Necr/Pois/Air  0%         N/A       98%         4
 Passage of Golubria      Tloc           0%         N/A       98%         4
 Sticky Flame             Conj/Fire      0%         2d3       98%         4
 Yara's Violent Unravell  Hex/Tmut       0%         3d3       100%        5


Dungeon Overview and Level Annotations

Branches:
Dungeon (4/15)
 Temple: D:4-7

Altars:
Sif Muna

Shops:
D:2 =


Innate Abilities, Weirdness & Mutations

You are too large for most types of armour.
You have tough skin. (AC +1)


Message History

You are too injured to fight recklessly!
You are too injured to fight recklessly!
You are too injured to fight recklessly!
You are too injured to fight recklessly!
You are too injured to fight recklessly!
You are too injured to fight recklessly!
You are too injured to fight recklessly!
You are too injured to fight recklessly!
You are too injured to fight recklessly!
You are too injured to fight recklessly!
You are too injured to fight recklessly!
You barely miss the scorpion.
The scorpion is severely wounded.
You feel sick. The howler monkey hits you. The scorpion stings you.
The scorpion completely misses you.
The howler monkey hoots and howls with incredible vigour!
You hear an angry hiss. x2; You hear a shout!
You hear an angry hiss.
You hit the scorpion.
The scorpion is almost dead.
You feel sick.
The scorpion stings you but does no damage.
The howler monkey hits you.
You hit the scorpion but do no damage.
The scorpion is almost dead.
You feel sick.
The howler monkey hits you but does no damage.
The scorpion misses you.
The howler monkey hits you but does no damage.
The scorpion stings you.
* * * LOW HITPOINT WARNING * * *
You are lethally poisoned!
The scorpion poisons you!
You puncture the scorpion!
You kill the scorpion!
* * * LOW HITPOINT WARNING * * *
You feel very sick. The howler monkey hits you.
* * * LOW HITPOINT WARNING * * *
The howler monkey hits you!
You die...

## .# #..# #### .##
##.. #..# # ....##..#
##.# ........# #.#
........########.#
..............)..#
.................#####
........#######......##
.....h@.# ##.......
.....†....#####..######
................##
.........###....#
.......### ####.# .
.......# ##.# ..
.......# ####..### #..
...####.......##..#
........###......#


You could see a howler monkey.

Vanquished Creatures
  A scorpion (D:4)
  2 adders (D:2)
  7 bats
  9 endoplasms
  2 giant cockroaches (D:1)
  3 goblins
  6 hobgoblins
  3 kobolds (D:1)
  2 quokkas
  6 ball pythons
  3 frilled lizards (D:1)
  5 rats
49 creatures vanquished.

Notes
Turn   | Place    | Note
-------+----------+-------------------------------------------
     0 | D:1      | Gabide the Ogre Monk began the quest for the Orb.
     0 | D:1      | Reached XP level 1. HP: 24/24 MP: 1/1
   163 | D:1      | Reached XP level 2. HP: 32/33 MP: 2/2
   193 | D:1      | Found a faded altar of an unknown god.
   696 | D:1      | Reached XP level 3. HP: 37/41 MP: 3/3
  1268 | D:2      | Reached skill level 5 in Fighting
  1950 | D:2      | Found Widedgh's Jewellery Emporium.
  1974 | D:2      | Identified the ring of Licoisud {Fire Contam rN+ Int+4}
  1990 | D:2      | Reached XP level 4. HP: 37/50 MP: 4/4
  2879 | D:3      | Identified the ring "Bugh" {rElec rCorr Str+4 Dex+6 SInv}
  2956 | D:3      | Found a shimmering blue altar of Sif Muna.
  3307 | D:4      | Noticed a scorpion
  3319 | D:4      | Killed a scorpion
  3319 | D:4      | Slain by a howler monkey

Illustrated notes

Levels and vault maps discovered:
D:1:      dreamdust_arrival_sigmund_warning, layout_basic,
          ebering_ecumenical_altar_mist
D:2:      layout_basic, serial_shops, nicolae_shop_behind_doors
D:3:      layout_basic, lemuel_blue_sif_altar
D:4:      layout_layer_cave, okawaru_gym_becter, doesnt_xom_only_xom, uniq_robin

Skill      XL: |  1  2  3 |
---------------+----------+-----
Dodging        | 3 |  3.2
Fighting       | 5 |  5.4
Polearms       | |  3.5
Stealth        | |  1.4

Action                   |  1- 3 |  4- 6 || total
-------------------------+-------+-------++-------
Melee: Spear             |   131 |     5 ||   136
       Halberd           |       |    22 ||    22
  Use: Scroll            |     5 |     4 ||     9
 Stab: Sleeping          |     7 |     3 ||    10
Armor: Robe              |    20 |     3 ||    23
Dodge: Dodged            |    42 |    12 ||    54
